 Dungeon Crawl Stone Soup version 0.29.0-15-g675c0067aa (webtiles) character file.

Game seed: 12281475784888173810

100 xian the Trooper (level 4, -6/35 HPs)
             Began as a Demonspawn Fighter on Sept 12, 2022.
             Mangled by a kobold brigand
             ... wielding a +0 whip
              (7 damage)
             ... in a sewer.
             The game lasted 00:06:06 (2176 turns).

xian the Trooper (Demonspawn Fighter)               Turns: 2176, Time: 00:06:07

Health: -6/35      AC:  3    Str: 22    XL:     4   Next: 47%
Magic:  4/4        EV: 11    Int:  9    God:
Gold:   39         SH:  0    Dex: 10    Spells: 3/3 levels left

rFire   + . .      SeeInvis +   h - +7 mace of Variability {chain chaos}
rCold   x . .      Faith    .   (shield currently unavailable)
rNeg    . . .      Spirit   .   l - +0 leather armour of the Spheres {Dex+2 SInv}
rPois   +          Reflect  .   (helmet restricted)
rElec   .          Harm     .   (no cloak)
rCorr   .          Rampage  .   (no gloves)
Will    .....                   (no boots)
Stlth   +.........              (no amulet)
HPRegen 0.11/turn               j - ring "Osogh" {Fire rPois Str+4 Dex-5 Slay+2}
MPRegen 0.09/turn               (no ring)

@: brilliant, very slow
A: horns 2
a: no special abilities


You were in a sewer.
You visited 1 branch of the dungeon, and saw 3 of its levels.
You also visited: Sewer.

You collected 71 gold pieces.
You spent 32 gold pieces at shops.

Inventory:

Hand Weapons
 a - a +0 war axe
 h - the +7 mace of Variability (weapon) {chain chaos}
   (You found it on level 2 of the Dungeon)

   Each time it hits an enemy it has a different, random effect.
   It occasionally unleashes arcs of chaos on nearby creatures upon striking a
   foe.
Missiles
 b - 3 poisoned darts (quivered)
Armour
 e - a +0 chain mail
 i - a +0 kite shield
 l - the +0 leather armour of the Spheres (worn) {Dex+2 SInv}
   (You found it on level 3 of the Dungeon)

   Dex:       It affects your dexterity (+2).
   SInv:      It lets you see invisible.
Jewellery
 j - the ring "Osogh" (left hand) {Fire rPois Str+4 Dex-5 Slay+2}
   (You acquired it on level 2 of the Dungeon)

   [ring of fire]

   It enhances your fire magic.
   Str:       It affects your strength (+4).
   Dex:       It affects your dexterity (-5).
   Slay:      It affects your accuracy & damage with ranged weapons and melee
   (+2).
   rF:        It protects you from fire.
   rC:        It makes you vulnerable to cold.
   rPois:     It protects you from poison.
Potions
 c - a potion of cancellation {unknown}
 d - a potion of might
 g - a potion of curing {unknown}
 k - a potion of attraction {unknown}


   Skills:
 + Level 3.5 Fighting
 + Level 2.4(2.6) Axes
 + Level 1.3(2.1) Maces & Flails
 + Level 3.3 Armour
 + Level 0.3 Dodging
 + Level 0.3 Stealth
 + Level 3.0 Shields


You had 3 spell levels left.
You didn't know any spells.
Your spell library was empty.

Dungeon Overview and Level Annotations

Branches:
Dungeon (3/15)              Sewer (1/1)

Altars:

Shops:
D:1 *?

Annotations:
D:1 1 transporter


Innate Abilities, Weirdness & Mutations

You have a pair of horns on your head.


Message History

You thump the endoplasm!
You kill the endoplasm!
HP restored.
You enter the shallow water.
Moving in this stuff is going to be slow.
You see here an adder corpse.
You enter the shallow water.
Moving in this stuff is going to be slow.
You enter the shallow water.
Moving in this stuff is going to be slow. 2 kobold brigands come into view.
A kobold brigand is wielding a +0 whip and quivering poisoned darts.
A kobold brigand is wielding a +0 whip and quivering poisoned darts.
The kobold brigand shouts! x2
Okay, then.
You see here an adder corpse.
You enter the shallow water.
Moving in this stuff is going to be slow.
You enter the shallow water.
Moving in this stuff is going to be slow.
The kobold brigand hits you with a +0 whip.
You closely miss the kobold brigand.
The kobold brigand hits you with a +0 whip.
Your unstable footing causes you to fumble your attack.
The kobold brigand hits you with a +0 whip.
The kobold brigand barely misses you.
Unknown command.
You barely miss the kobold brigand.
Your headbutt misses the kobold brigand.
The kobold brigand hits you with a +0 whip!
* * * LOW HITPOINT WARNING * * *
The kobold brigand hits you with a +0 whip!
* * * LOW HITPOINT WARNING * * *
Unknown command.
Okay, then.
You aren't carrying any scrolls.
Unknown command.
It was a potion of brilliance.
You feel clever all of a sudden.
The kobold brigand hits you with a +0 whip!
You die...

#####
#.#.#.
.#
#~#~#~
~#
#~#~#K
~#
#~#~#~#~
#.~.#~K~
##@###K#
#K# #~#
#K###~#
#.~~~~#
##~.~##
#~~.# ..
#..~#
~.#
##.~.#
...#
##~~~~#


You could see 2 kobold brigands.

Vanquished Creatures
  5 adders
  2 worms (D:3)
  3 dart slugs
  2 orcs
  4 bats
  2 endoplasms
  2 giant cockroaches (D:1)
  4 goblins
  5 hobgoblins
  A quokka (D:2)
  4 ball pythons
  2 frilled lizards (D:1)
  3 kobolds
  3 rats
42 creatures vanquished.

Vanquished Creatures (others)
  2 plants (D:1)
2 creatures vanquished.

Grand Total: 44 creatures vanquished

Notes
Turn   | Place    | Note
-------+----------+-------------------------------------------
     0 | D:1      | xian the Demonspawn Fighter began the quest for the Orb.
     0 | D:1      | Reached XP level 1. HP: 18/18 MP: 1/1
   248 | D:1      | Found Gunopnei's Magic Scroll Shop.
   254 | D:1      | Gained mutation: You have a pair of small horns on your
                  | head. [demonic ancestry]
   254 | D:1      | Reached XP level 2. HP: 24/24 MP: 2/2
   268 | D:1      | Bought a scroll of identify for 22 gold pieces
   557 | D:1      | Found Sysyboc's General Store.
   562 | D:1      | Bought a scroll of noise for 10 gold pieces
   831 | D:1      | Found a faded altar of an unknown god.
  1003 | D:2      | Reached XP level 3. HP: 25/29 MP: 3/3
  1127 | D:2      | Found the +7 mace of Variability {chain chaos}
  1350 | D:2      | Identified a scroll of acquirement
  1351 | D:2      | Acquired the ring "Osogh" {Fire rPois Str+4 Dex-5 Slay+2}
  1399 | D:2      | Gained mutation: You have a pair of horns on your head.
                  | [demonic ancestry]
  1399 | D:2      | Reached XP level 4. HP: 32/35 MP: 4/4
  1948 | D:3      | Identified the +0 leather armour of the Spheres {Dex+2
                  | SInv}
  2007 | D:3      | Found a glowing drain.
  2019 | D:3      | Reached skill level 1 in Maces & Flails
  2022 | Sewer    | Entered a sewer
  2160 | Sewer    | Noticed a kobold brigand
  2160 | Sewer    | Noticed a kobold brigand
  2175 | Sewer    | HP: 1/35 [kobold brigand/+0 whip (9)]
  2176 | Sewer    | Mangled by a kobold brigand

Illustrated notes

Levels and vault maps discovered:
D:1:      spicycebolla_arrival_risky_transporter, layout_basic,
          shapermc_ecumenical_altar_hornbeckon, serial_shops,
          nicolae_shop_hallway_stairs, shop, hangedman_decor_peaks_small
D:2:      layout_rooms, basic_altar
D:3:      layout_basic, cheibrodos_sewer_entry_bend, gammafunk_ghost_mausoleum
Sewer:    sewer_co_tree

Skill      XL: |  1  2  3  4 |
---------------+-------------+-----
Armour         | 3 |  3.3
Axes           | 2 |  2.4
Shields        | 3 |  3.0
Maces & Flails | 1 |  1.3
Fighting       | |  3.5
Dodging        | |  0.3
Stealth        | |  0.3

Action                   |  1- 3 |  4- 6 || total
-------------------------+-------+-------++-------
Melee: War axe           |    51 |       ||    51
       Headbutt          |     3 |     1 ||     4
       Great mace        |    16 |    23 ||    39
  Use: Scroll            |     3 |     2 ||     5
       Potion            |       |     1 ||     1
Armor: Chain mail        |    60 |    16 ||    76
       Scale mail        |     1 |       ||     1
       Leather armour    |       |     1 ||     1
Dodge: Dodged            |    27 |    10 ||    37
Block: Buckler           |     5 |       ||     5
       Kite shield       |    16 |       ||    16
